 Dungeon Crawl Stone Soup version 0.27.1 (webtiles) character file.

Game seed: 290537271736229657

3564 unlimited1921 the Magician (level 10, 0/69 HPs)
             Began as a Hill Orc Fire Elementalist on Aug 26, 2021.
             Was an Initiate of Vehumet.
             Succumbed to a water moccasin's poison
             ... on level 8 of the Dungeon.
             The game lasted 01:52:12 (24324 turns).

unlimited1921 the Magician (HOFE)                  Turns: 24324, Time: 01:52:13

Health: 0/69       AC:  6    Str: 12    XL:     10   Next: 9%
Magic:  15/20      EV: 26    Int: 18    God:    Vehumet [......]
Gold:   458        SH:  0    Dex: 11    Spells: 11/23 levels left

rFire    + . .     SeeInvis .   C - +1 quarterstaff (spect)
rCold    + . .     Faith    .   (shield currently unavailable)
rNeg     + . .     Spirit   .   h - +1 leather armour {rN+}
rPois    +         Reflect  .   (no helmet)
rElec    +         Harm     .   P - +0 cloak
rCorr    +         Rampage  .   (no gloves)
Will     .....                  Q - +0 pair of boots
Stlth    ++........             l - amulet of the acrobat
HPRegen  0.21/turn              I - ring of wizardry
MPRegen  0.17/turn              E - ring of wizardry

@: lethally poisoned (0 -> -5), resistant, acrobatic
A: no striking features
a: Renounce Religion


You were on level 8 of the Dungeon.
You worshipped Vehumet.
Vehumet was noncommittal.
You visited 2 branches of the dungeon, and saw 9 of its levels.

You collected 458 gold pieces.

Inventory:

Hand Weapons
 k - a +3 dagger of draining
 y - a +0 shortbow
 A - a +0 hand crossbow
 C - a +1 spectral quarterstaff (weapon)
 O - a +3 quarterstaff of chaos
 S - a +0 vorpal war axe
 T - the +8 quarterstaff "Elucosacw" {vorpal, MP+9 Str+4 Int-5}
   (You found it on level 8 of the Dungeon)

   It inflicts extra damage upon your enemies.
   Str:       It affects your strength (+4).
   Int:       It affects your intelligence (-5).
   MP:        It affects your magic capacity (+9).
 U - a +4 falchion
Missiles
 c - 7 boomerangs
 d - 106 stones
 e - 32 poisoned darts
 g - 125 arrows
 p - 52 bolts
 R - 3 boomerangs of dispersal
Armour
 h - a +1 leather armour of positive energy (worn)
 i - a +0 ring mail
 t - a +0 scale mail
 P - a +0 cloak (worn)
 Q - a +0 pair of boots (worn)
Magical Staves
 x - a staff of poison
 N - a staff of air
Jewellery
 l - an amulet of the acrobat (around neck)
 q - a ring of willpower
 E - a ring of wizardry (right hand)
 F - a ring of fire
 G - a ring of magical power
 I - a ring of wizardry (left hand)
 L - a ring of poison resistance
Wands
 D - a wand of charming (7)
 K - a wand of mindburst (9)
Scrolls
 b - a scroll of noise {unknown}
 f - a scroll of vulnerability {unknown}
 j - a scroll of acquirement {unknown}
 m - a scroll of fear
 n - 2 scrolls of brand weapon {unknown}
 o - a scroll of magic mapping {unknown}
 r - 2 scrolls of blinking {unknown}
 u - 3 scrolls of teleportation
 w - 2 scrolls of amnesia
 H - a scroll of summoning
 J - a scroll of holy word
Potions
 a - a potion of magic {unknown}
 s - a potion of flight
 z - a potion of invisibility
 B - 2 potions of attraction {unknown}
 M - a potion of berserk rage
 V - a potion of resistance


   Skills:
 - Level 1.1 Short Blades
 + Level 0.2(2.9) Maces & Flails
 * Level 3.9(4.0) Staves
 + Level 2.9 Armour
 + Level 2.4 Dodging
 + Level 3.3 Stealth
 * Level 7.2 Spellcasting
 * Level 3.6 Conjurations
 + Level 0.4 Hexes
 - Level 3.7 Summonings
 * Level 6.4 Fire Magic
 * Level 2.6 Poison Magic


You had 11 spell levels left.
You knew the following spells:

 Your Spells              Type           Power      Damage    Failure   Level
a - Foxfire               Conj/Fire      96%        2x1d8     1%          1
b - Inner Flame           Hex/Fire       18%        N/A       2%          3
c - Conjure Flame         Conj/Fire      24%        6-21      1%          3
d - Call Imp              Summ           20%        N/A       1%          2
e - Mephitic Cloud        Conj/Pois/Air  14%        N/A       4%          3

Your spell library contained the following spells:

 Spells                   Type           Power      Damage    Failure   Level
 Magic Dart               Conj           76%        1d6       1%          1
 Summon Small Mammal      Summ           80%        N/A       1%          1
 Corona                   Hex            7%         N/A       3%          1
 Animate Skeleton         Necr           12%        N/A       4%          1
 Apportation              Tloc           12%        N/A       4%          1
 Sticky Flame             Conj/Fire      24%        2d5       4%          4
 Ozocubu's Armour         Ice            6%         N/A       11%         3
 Olgreb's Toxic Radiance  Pois           15%        N/A       12%         4
 Fireball                 Conj/Fire      12%        3d7       13%         5
 Bolt of Magma            Conj/Fire/Erth 9%         4d7       24%         5
 Leda's Liquefaction      Hex/Erth       3%         N/A       30%         4
 Metabolic Englaciation   Hex/Ice        3%         N/A       61%         5
 Simulacrum               Ice/Necr       3%         N/A       99%         6
 Statue Form              Tmut/Erth      4%         N/A       99%         6
 Ozocubu's Refrigeration  Ice            3%         4d5       100%        7
 Ignition                 Fire           14%        3d6       100%        8


Dungeon Overview and Level Annotations

Branches:
Dungeon (8/15)             Temple (1/1) D:4            Lair (0/6) D:8

Altars:
Ashenzari
Cheibriados
Dithmenos
Elyvilon
Fedhas
Hepliaklqana
Kikubaaqudgha
Nemelex Xobeh
Okawaru
Qazlal
Ru
Sif Muna
Trog
Uskayaw
Vehumet
Wu Jian
Yredelemnul
Zin
The Shining One


Message History

Confirm with . or Enter, or press ? or * to list all spells.
A beastly little devil appears in a puff of flame.
You feel very sick. The water moccasin bites you.
The water moccasin bites you but does no damage.
You feel very sick.
Casting: Call Imp (safe; 1% risk of failure)
Confirm with . or Enter, or press ? or * to list all spells.
A metallic apparition takes form in the air.
You feel sick. The water moccasin misses you.
Your crimson imp blinks!
The water moccasin bites you.
* * * LOW HITPOINT WARNING * * *
You are lethally poisoned!
The water moccasin poisons you!
* * * LOW HITPOINT WARNING * * *
You feel very sick.
You swap places.
* * * LOW HITPOINT WARNING * * *
You feel very sick.
The water moccasin barely misses your iron imp.
Your iron imp closely misses the water moccasin.
There is an open door here.
As you read the scroll of identify, it crumbles to dust.
M - a potion of berserk rage
* * * LOW HITPOINT WARNING * * *
You feel sick.
The water moccasin bites your iron imp but does no damage.
Your iron imp misses the water moccasin.
The water moccasin bites your iron imp but does no damage.
* * * LOW HITPOINT WARNING * * *
You feel sick. The water moccasin bites your iron imp!
Your iron imp misses the water moccasin.
It was a potion of resistance.
You feel protected.
* * * LOW HITPOINT WARNING * * *
You feel sick.
The water moccasin closely misses your iron imp.
Your iron imp closely misses the water moccasin.
You die...

###### #....# ##+######### #
#.##.# #........... ..
#.##.#######........### ...
#.##.......'..........# ....
#.####>#####.......##.# ..... #.#
#.@..# #.......##.#
......##.###....###.......##.#
......5..S5'..................
......##.###....##############
#########.# ########## #....
#.........######.....######.###
#>.....................'....#.# #
#.#.##############.....####.#.###
# #.....# #...##.


You could see a friendly iron imp (summoned).

Vanquished Creatures
  A shadow (D:7)
  Sigmund (D:2)
  3 yaks (D:8)
  A steam dragon (D:6)
  Menkaure (D:7)
  A water moccasin (D:7)
  A black bear (D:8)
  3 ice beasts
  4 centaurs
  A hornet zombie (D:8)
  2 ogres
  A necrophage (D:7)
  A phantom (D:6)
  2 bullfrogs
  2 wyvern zombies (D:8)
  2 scorpions
  2 wights (D:8)
  A howler monkey (D:6)
  A centaur skeleton (D:5)
  3 centaur zombies
  2 jellies
  A human zombie (D:8)
  2 orc priests
  An iguana (D:7)
  A hound zombie (D:5)
  A hound skeleton (D:4)
  2 mummies (D:8)
  A howler monkey skeleton (D:6)
  3 adders
  4 gnolls (D:7)
  An ufetubus (D:5)
  4 worms
  8 orcs
  6 ball pythons
  6 endoplasms
  3 giant cockroaches
  6 goblins
  7 hobgoblins
  8 kobolds
  5 quokkas
  5 bats
  7 frilled lizards
  8 rats
126 creatures vanquished.

Vanquished Creatures (collateral kills)
  A black bear (D:7)
  An ogre (D:4)
  2 necrophages
  Blork the orc (D:6)
  A wyvern zombie (D:8)
  A wyvern skeleton (D:7)
  A water moccasin skeleton (D:4)
  A jelly (D:6)
  A centaur zombie (D:8)
  2 hounds (D:4)
  Crazy Yiuf (D:5)
  3 orc priests
  An iguana (D:7)
  3 orc wizards
  2 mummies
  A howler monkey zombie (D:8)
  9 orcs
  A ball python (D:4)
  2 goblins (D:7)
  A hobgoblin (D:4)
36 creatures vanquished.

Vanquished Creatures (others)
  357 foxfires
  8 plants
365 creatures vanquished.

Grand Total: 527 creatures vanquished

Notes
Turn   | Place    | Note
-------+----------+-------------------------------------------
     0 | D:1      | unlimited1921 the Hill Orc Fire Elementalist began the
                  | quest for the Orb.
     0 | D:1      | Reached XP level 1. HP: 14/14 MP: 3/3
   541 | D:1      | Reached XP level 2. HP: 20/20 MP: 0/4
  1234 | D:1      | Reached skill level 2 in Spellcasting
  1354 | D:1      | Found a faded altar of an unknown god.
  1425 | D:1      | Reached XP level 3. HP: 22/26 MP: 6/6
  3961 | D:2      | Reached XP level 4. HP: 33/33 MP: 3/7
  4994 | D:2      | Noticed Sigmund
  5621 | D:2      | Killed Sigmund
  5622 | D:2      | Reached skill level 3 in Spellcasting
  5622 | D:2      | Reached XP level 5. HP: 38/38 MP: 1/9
  5622 | D:2      | Reached XP level 6. HP: 45/45 MP: 1/10
  6150 | D:2      | Learned a level 3 spell: Inner Flame
  6154 | D:2      | Learned a level 3 spell: Conjure Flame
  8220 | D:3      | You fall into a shaft and drop 2 floors!
  8220 | D:5      | Entered Level 5 of the Dungeon
  8524 | D:5      | Reached skill level 5 in Fire Magic
  8545 | D:5      | Reached XP level 7. HP: 27/50 MP: 1/12
  9021 | D:5      | Reached skill level 1 in Short Blades
  9021 | D:5      | Reached skill level 4 in Spellcasting
  9698 | D:4      | You fall into a shaft and drop 3 floors!
  9710 | D:7      | Reached skill level 1 in Armour
  9990 | D:7      | Noticed a shadow
 10008 | D:7      | Killed a shadow
 10009 | D:7      | Reached skill level 1 in Staves
 10009 | D:7      | Reached XP level 8. HP: 42/57 MP: 4/15
 10103 | D:7      | Noticed Menkaure
 10108 | D:7      | Killed Menkaure
 10345 | D:7      | Learned a level 2 spell: Call Imp
 10369 | D:7      | Reached skill level 5 in Spellcasting
 11121 | D:7      | Found an iron altar of Okawaru.
 11308 | D:7      | Reached skill level 1 in Summonings
 12690 | D:6      | Noticed Blork the orc
 12701 | D:6      | Killed Blork the orc
 13740 | D:6      | Reached XP level 9. HP: 28/62 MP: 1/17
 14311 | D:6      | Learned a level 3 spell: Mephitic Cloud
 14895 | D:6      | Reached skill level 6 in Spellcasting
 16092 | D:6      | Found a hide-covered altar of Uskayaw.
 16613 | D:6      | Found a snail-covered altar of Cheibriados.
 17673 | D:5      | Found a runed translucent door.
 17674 | D:5      | Noticed Crazy Yiuf
 17691 | D:5      | Killed Crazy Yiuf
 17828 | D:4      | Found a stormy altar of Qazlal.
 17873 | D:4      | Found a basalt altar of Yredelemnul.
 20142 | D:4      | Found a staircase to the Ecumenical Temple.
 20551 | Temple   | Entered the Ecumenical Temple
 20632 | Temple   | Became a worshipper of Vehumet
 22095 | D:8      | Noticed a two-headed ogre
 22112 | D:8      | Reached skill level 1 in Poison Magic
 22482 | D:8      | Identified the +8 quarterstaff "Elucosacw" {vorpal, MP+9
                  | Str+4 Int-5}
 22600 | D:8      | Found an ornate altar of the Wu Jian Council.
 23410 | D:8      | Found an ancient bone altar of Kikubaaqudgha.
 23437 | D:8      | Reached skill level 7 in Spellcasting
 23739 | D:8      | Reached XP level 10. HP: 55/69 MP: 2/20
 24208 | D:8      | Found a staircase to the Lair.
 24322 | D:8      | HP: 3/69 [poisoned by a water moccasin]
 24324 | D:8      | Succumbed to a water moccasin's poison

Illustrated notes

Levels and vault maps discovered:
D:1:      wander_arrival_desolate, layout_loops_ring,
          dilly_ecumenical_altar_fadedgnrine, kennysheep_another_room
D:2:      layout_loops_corners, serial_bayou_pond_e, grunt_decor_mini_mirrors,
          minivault_14, uniq_sigmund
D:3:      layout_loops_corners, serial_forest, infiniplex_forest_lined_corner,
          infiniplex_forest_lined_room_, infiniplex_forest_pool,
          infiniplex_forest_end_1, infiniplex_forest_clump_curved,
          infiniplex_forest_straight_4, infiniplex_forest_straight_4,
          infiniplex_forest_straight_5
D:4:      layout_basic, mainiacjoe_overflow_cross_hatched, old_standard_altar,
          minmay_temple_entry_proselytizer
D:5:      layout_basic, uniq_crazy_yiuf_cottage
D:6:      layout_basic, chei_slow_surprise, mainiacjoe_overflow_brackets,
          kennysheep_small_square, uniq_blork_the_orc
D:7:      layout_basic, kennysheep_okawaru_gauntlet, uniq_menkaure
D:8:      layout_basic, kennysheep_mini, lemuel_mausoleum_altar_kikubaaqudgha,
          lair_entry_dummy
Temple:   nicolae_temple_x_marks_the_god

Skill      XL: |  1  2  3  4  5  6  7  8  9 |
---------------+----------------------------+-----
Spellcasting   | 2 3 4 5 7 |  7.2
Fire Magic     | 4 5 6 |  6.4
Stealth        | 2 3 |  3.3
Conjurations   | 2 3 |  3.6
Short Blades   | 1 |  1.1
Armour         | 1 2 |  2.9
Staves         | 1 2 3 |  3.9
Summonings     | 3 |  3.7
Poison Magic   | 2 |  2.6
Dodging        | 2 |  2.4
Maces & Flails | |  0.2
Hexes          | |  0.4

Action                   |  1- 3 |  4- 6 |  7- 9 | 10-12 || total
-------------------------+-------+-------+-------+-------++-------
Melee: Mace              |    26 |       |       |       ||    26
       Dagger            |    12 |    32 |     8 |       ||    52
       Quarterstaff      |       |       |   122 |     5 ||   127
 Cast: Foxfire           |    58 |    68 |    86 |     6 ||   218
       Inner Flame       |       |     2 |     5 |     1 ||     8
       Call Imp          |       |       |   199 |     2 ||   201
       Conjure Flame     |       |       |     4 |       ||     4
       Mephitic Cloud    |       |       |     1 |       ||     1
  Use: Scroll            |       |     3 |     4 |     1 ||     8
       Potion            |       |       |       |     1 ||     1
 Stab: Sleeping          |     2 |     3 |     2 |       ||     7
Armor: Robe              |     8 |     2 |       |       ||    10
       Leather armour    |       |     1 |    43 |     1 ||    45
Dodge: Dodged            |    24 |    28 |   126 |     2 ||   180
